 Dungeon Crawl Stone Soup version 0.23.0-3-gf3c87f2 (webtiles) character file.

Game seed: 613960556139082224

11476 Kairos the Covert (level 11, -11/83 HPs)
             Began as a Gnoll Necromancer on Feb 24, 2019.
             Was an Elder of Cheibriados.
             Mangled by a komodo dragon (16 damage)
             ... on level 2 of the Lair of Beasts.
             The game lasted 01:14:08 (10751 turns).

Kairos the Covert (Gnoll Necromancer)              Turns: 10751, Time: 01:14:08

Health: -11/83     AC: 10    Str: 23    XL:     11   Next: 78%
Magic:  7/32       EV: 19    Int: 29    God:    Cheibriados [****..]
Gold:   170        SH:  0    Dex: 25    Spells: 8/26 levels left

rFire    . . .     SeeInvis .   F - staff of death
rCold    . . .     Gourm    .   (no shield)
rNeg     + . .     Faith    .   C - +3 ring mail of Dyspraxia {*Drain Regen+ rCorr}
rPois    .         Spirit   .   (no helmet)
rElec    .         Reflect  .   (no cloak)
rCorr    +         Harm     .   (no gloves)
MR       .....                  N - +0 pair of boots
Stlth    ++++......             (no amulet)
HPRegen  0.63/turn              e - ring of magical power
MPRegen  0.23/turn              i - ring of wizardry

@: studying Stealth, very slow
A: distributed training, fangs 1, strong nose
a: Bend Time, Temporal Distortion, Slouch, Renounce Religion


You were on level 2 of the Lair of Beasts.
You worshipped Cheibriados.
Cheibriados was greatly pleased with you.
You were not hungry.

You visited 3 branches of the dungeon, and saw 12 of its levels.
You also visited: Bailey.

You collected 422 gold pieces.
You spent 252 gold pieces at shops.

Inventory:

Hand Weapons
 m - a +0 trident
 x - a +0 quarterstaff
 z - a +0 morningstar
 A - a +0 hunting sling
 J - a +0 shortbow
 M - a +3 dagger of holy wrath
Missiles
 b - 126 sling bullets
 q - 34 tomahawks of returning
 y - 7 tomahawks (quivered)
 K - 140 arrows
Armour
 n - a +3 ring mail of fire resistance
 C - the +3 ring mail of Dyspraxia (worn) {*Drain Regen+ rCorr}
   (You bought it in a shop on level 4 of the Dungeon)

   It increases your rate of regeneration.
   It provides partial protection from all sources of acid and corrosion.
   It causes draining when unequipped.
 N - a +0 pair of boots (worn)
Magical Staves
 F - an uncursed staff of death (weapon)
Jewellery
 e - a ring of magical power (left hand)
 f - an uncursed amulet of guardian spirit
 i - a ring of wizardry (right hand)
 O - an uncursed ring of magical power
Wands
 t - a wand of paralysis (3)
 B - a wand of acid (5)
 G - a wand of iceblast (9)
Scrolls
 a - a scroll of immolation
 d - 2 scrolls of remove curse
 l - 4 scrolls of fear
 p - 4 scrolls of amnesia
 r - a scroll of vulnerability
 v - a scroll of fog
 D - a scroll of enchant armour
 H - 2 scrolls of teleportation
 L - a scroll of blinking
Potions
 g - 2 potions of heal wounds
 j - 2 potions of curing
 k - 2 potions of cancellation {unknown}
 o - 2 potions of flight
 s - 2 potions of might {unknown}
 E - a potion of lignification {unknown}
Books
 I - a manual of Stealth
Miscellaneous
 h - a box of beasts
 u - a fan of gales
Comestibles
 c - 17 rations


   Skills:
 + Level 6.5 Fighting
 + Level 6.5 Short Blades
 + Level 6.5 Long Blades
 + Level 6.5 Axes
 + Level 6.5 Maces & Flails
 + Level 6.5 Polearms
 + Level 6.5 Staves
 + Level 6.5 Slings
 + Level 6.5 Bows
 + Level 6.5 Crossbows
 + Level 6.5 Throwing
 + Level 6.5 Armour
 + Level 8.0 Dodging
 + Level 9.2 Stealth
 + Level 6.5 Shields
 + Level 6.5 Unarmed Combat
 + Level 8.3 Spellcasting
 + Level 5.4 Conjurations
 + Level 5.4 Hexes
 + Level 5.4 Charms
 + Level 5.4 Summonings
 + Level 9.0 Necromancy
 + Level 5.4 Translocations
 + Level 5.4 Transmutations
 + Level 5.4 Fire Magic
 + Level 5.4 Ice Magic
 + Level 5.4 Air Magic
 + Level 5.4 Earth Magic
 + Level 5.4 Poison Magic
 + Level 7.1 Invocations
 + Level 6.5 Evocations


You had 8 spell levels left.
You knew the following spells:

 Your Spells              Type           Power        Failure   Level  Hunger
a - Pain                  Necr           ####         1%          1    None
b - Vampiric Draining     Necr           #######...   1%          3    None
c - Regeneration          Chrm/Necr      ######....   1%          3    None
d - Animate Dead          Necr           N/A          1%          4    #......
e - Mephitic Cloud        Conj/Pois/Air  #####...     1%          3    None
f - Blink                 Tloc           N/A          1%          2    None
g - Call Imp              Summ           #####...     1%          2    None

Your spell library contained the following spells:

 Spells                   Type           Power        Failure   Level  Hunger
 Animate Skeleton         Necr           N/A          1%          1    None
 Magic Dart               Conj           ####         1%          1    None
 Slow                     Hex            #####...     1%          2    None
 Conjure Flame            Conj/Fire      #####...     1%          3    None


Dungeon Overview and Level Annotations

Branches:
Dungeon (9/15)             Temple (1/1) D:4            Lair (2/6) D:9
  Swamp: Lair:2-4    Shoals: Lair:2-4     Snake: Lair:2-4    Spider: Lair:2-4
    Orc: D:9-12

Altars:
Ashenzari
Cheibriados
Dithmenos
Elyvilon
Fedhas
Gozag
Hepliaklqana
Kikubaaqudgha
Makhleb
Nemelex Xobeh
Okawaru
Qazlal
Ru
Sif Muna
Trog
Uskayaw
Vehumet
Wu Jian
Xom
Yredelemnul
Zin
The Shining One

Shops:
D:4 *


Innate Abilities, Weirdness & Mutations

Your experience applies equally to all skills.
You have very sharp teeth.
Your uncanny sense of smell can sniff out nearby items.


Message History

Aim: a komodo dragon (almost dead, chance to defeat MR: 71%)
You feel a surge of power!
The komodo dragon struggles to resist.
The komodo dragon bites you!!
* * * LOW HITPOINT WARNING * * *
Unknown command.
Casting: Pain (safe; 1% risk of failure)
Confirm with . or Enter, or press ? or * to list all spells.
Aiming: Pain (safe; 1% risk of failure)
Press: ? - help, Shift-Dir - straight line, f/p - komodo dragon
Aim: a komodo dragon (almost dead, chance to defeat MR: 71%)
You feel a surge of power!
The komodo dragon writhes in agony.
The komodo dragon bites you but does no damage.
Casting: Pain (safe; 1% risk of failure)
Confirm with . or Enter, or press ? or * to list all spells.
Aiming: Pain (safe; 1% risk of failure)
Press: ? - help, Shift-Dir - straight line, f/p - komodo dragon
Aim: a komodo dragon (almost dead, chance to defeat MR: 71%)
You feel a surge of power!
The komodo dragon writhes in agony.
The komodo dragon bites you!
You die...

.......# #.### ..........
.....# #...# .........
....P# ##...# #........
.....## #....# ##.##..$
...#..# ##...# ###.#..[#
<..##.## ##..###.....##.t#
#.##.#.## #..P#.....## #
.###....### ###.........#
###......P###.#.@l........#
#P..........................
#P..........>...#...........
#..............####.........
#............P## #.........
.............## .........
##...........## ......
#(............# ...
##..P.........#


You could see a komodo dragon.

Vanquished Creatures
  A centaur warrior (D:9)
  2 orc knights (Bailey)
  A centaur zombie (D:9)
  2 black mambas (Lair:1)
  3 spiny frogs
  2 komodo dragons
  2 polar bears (Lair:1)
  A troll (D:9)
  2 hippogriffs
  4 blink frogs (Lair:1)
  A hog (D:9)
  Eustachio (D:5)
  2 wargs (D:9)
  Menkaure (D:7)
  A water moccasin (D:9)
  Duvessa (D:7)
  3 porcupines
  7 orc warriors
  A sky beast (D:6)
  2 phantoms
  6 ice beasts
  2 eyes of draining (D:9)
  4 ogres
  4 centaurs
  3 crocodiles
  7 bullfrogs
  Dowan (D:7)
  3 scorpions
  A wyvern skeleton (D:9)
  A wight (D:9)
  A bullfrog zombie (D:6)
  2 crimson imps
  5 hounds
  A jelly (D:7)
  11 orc wizards
  5 orc priests
  A bullfrog skeleton (D:9)
  3 iguanas
  5 worker ants
  A hound zombie (D:8)
  A hound skeleton (D:9)
  A worker ant zombie (D:5)
  5 gnolls
  A howler monkey skeleton (D:7)
  9 adders
  An ooze (D:1)
  An adder zombie (D:6)
  A worm (D:2)
  A dart slug (D:2)
  A leopard gecko (D:4)
  27 orcs
  4 giant cockroaches
  6 goblins
  11 hobgoblins
  2 quokkas
  A ball python (D:3)
  9 bats
  7 frilled lizards
  22 kobolds
  A leopard gecko skeleton (D:6)
  9 rats
228 creatures vanquished.

Vanquished Creatures (collateral kills)
  A polar bear (Lair:1)
  A hippogriff (Lair:1)
  2 yaks (D:9)
  A human (D:9)
  A hog (D:9)
  An orc priest (D:9)
  A dart slug (D:4)
  4 orcs
  A hobgoblin (D:3)
  4 jackals (D:4)
  A quokka (D:3)
  2 fungi (Lair:1)
  3 plants
23 creatures vanquished.

Vanquished Creatures (others)
  A fungus (Lair:2)
  A plant (Lair:1)
2 creatures vanquished.

Grand Total: 253 creatures vanquished

Notes
Turn   | Place    | Note
-------+----------+-------------------------------------------
     0 | D:1      | Kairos the Gnoll Necromancer began the quest for the Orb.
     0 | D:1      | Reached XP level 1. HP: 13/13 MP: 6/6
   193 | D:1      | Reached XP level 2. HP: 14/19 MP: 7/7
   532 | D:1      | Reached XP level 3. HP: 16/25 MP: 9/9
   557 | D:1      | Reached skill level 5 in Spellcasting
   628 | D:1      | Learned a level 3 spell: Vampiric Draining
   632 | D:1      | Learned a level 3 spell: Regeneration
   710 | D:2      | Found a glowing golden altar of the Shining One.
   822 | D:2      | Reached skill level 1 in Invocations
   903 | D:2      | Reached skill level 1 in Fighting
   903 | D:2      | Reached skill level 1 in Short Blades
   903 | D:2      | Reached skill level 1 in Long Blades
   903 | D:2      | Reached skill level 1 in Axes
   903 | D:2      | Reached skill level 1 in Maces & Flails
   903 | D:2      | Reached skill level 1 in Polearms
   903 | D:2      | Reached skill level 1 in Staves
   903 | D:2      | Reached skill level 1 in Slings
   903 | D:2      | Reached skill level 1 in Bows
   903 | D:2      | Reached skill level 1 in Crossbows
   903 | D:2      | Reached skill level 1 in Throwing
   903 | D:2      | Reached skill level 1 in Armour
   903 | D:2      | Reached skill level 1 in Shields
   903 | D:2      | Reached skill level 1 in Unarmed Combat
   903 | D:2      | Reached skill level 1 in Evocations
   905 | D:2      | Reached XP level 4. HP: 6/32 MP: 11/11
  1306 | D:2      | Found a glowing golden altar of the Shining One.
  1349 | D:2      | Learned a level 4 spell: Animate Dead
  1357 | D:2      | Reached skill level 1 in Conjurations
  1357 | D:2      | Reached skill level 1 in Hexes
  1357 | D:2      | Reached skill level 1 in Charms
  1357 | D:2      | Reached skill level 1 in Summonings
  1357 | D:2      | Reached skill level 1 in Translocations
  1357 | D:2      | Reached skill level 1 in Transmutations
  1357 | D:2      | Reached skill level 1 in Fire Magic
  1357 | D:2      | Reached skill level 1 in Ice Magic
  1357 | D:2      | Reached skill level 1 in Air Magic
  1357 | D:2      | Reached skill level 1 in Earth Magic
  1357 | D:2      | Reached skill level 1 in Poison Magic
  1993 | D:3      | Reached XP level 5. HP: 29/37 MP: 12/12
  2101 | D:3      | Found a stormy altar of Qazlal.
  2662 | D:4      | Found a staircase to the Ecumenical Temple.
  2670 | Temple   | Entered the Ecumenical Temple
  2782 | D:4      | Noticed an ogre
  2794 | D:4      | Killed an ogre
  2794 | D:4      | Reached XP level 6. HP: 38/44 MP: 13/13
  2803 | D:4      | Found a stormy altar of Qazlal.
  2822 | D:4      | Found a bloodstained altar of Trog.
  2963 | D:4      | Reached skill level 5 in Dodging
  3238 | D:4      | Found Hinaesh's Assorted Antiques.
  3244 | D:4      | Bought a heavily runed ring mail for 252 gold pieces
  3254 | D:4      | Identified the +3 ring mail of Dyspraxia {*Drain Regen+
                  | rCorr} (You bought it in a shop on level 4 of the Dungeon)
  3276 | D:4      | Noticed a phantom
  3328 | D:4      | Killed a phantom
  3328 | D:4      | Reached XP level 7. HP: 41/50 MP: 15/15
  3379 | D:4      | Found a snail-covered altar of Cheibriados.
  3424 | D:4      | Found a radiant altar of Vehumet.
  3449 | D:4      | Became a worshipper of Cheibriados the Contemplative
  3592 | D:5      | Entered Level 5 of the Dungeon
  3723 | D:5      | Learned a level 3 spell: Mephitic Cloud
  4120 | D:5      | Noticed Eustachio
  4183 | D:5      | Killed Eustachio
  4183 | D:5      | Reached skill level 5 in Stealth
  4301 | D:5      | Reached XP level 8. HP: 56/57 MP: 16/16
  5563 | D:7      | Found a flagged portal.
  5589 | Bailey   | Entered a bailey
  5619 | Bailey   | Noticed an orc knight
  5626 | Bailey   | Noticed an orc knight
  5631 | Bailey   | Killed an orc knight
  5631 | Bailey   | Reached * piety under Cheibriados
  5631 | Bailey   | Reached XP level 9. HP: 65/65 MP: 18/18
  5659 | Bailey   | Killed an orc knight
  6071 | Bailey   | Learned a level 2 spell: Blink
  6637 | D:7      | Reached ** piety under Cheibriados
  6787 | D:7      | Noticed Dowan
  6787 | D:7      | Noticed Duvessa
  6794 | D:7      | Killed Dowan
  6794 | D:7      | Reached skill level 5 in Invocations
  6810 | D:7      | Killed Duvessa
  6939 | D:7      | Noticed Menkaure
  6950 | D:7      | Reached XP level 10. HP: 35/73 MP: 20/20
  6953 | D:7      | Killed Menkaure
  7580 | D:8      | Learned a level 2 spell: Call Imp
  7648 | D:8      | Reached skill level 5 in Fighting
  7648 | D:8      | Reached skill level 5 in Short Blades
  7648 | D:8      | Reached skill level 5 in Long Blades
  7648 | D:8      | Reached skill level 5 in Axes
  7648 | D:8      | Reached skill level 5 in Maces & Flails
  7648 | D:8      | Reached skill level 5 in Polearms
  7648 | D:8      | Reached skill level 5 in Staves
  7648 | D:8      | Reached skill level 5 in Slings
  7648 | D:8      | Reached skill level 5 in Bows
  7648 | D:8      | Reached skill level 5 in Crossbows
  7648 | D:8      | Reached skill level 5 in Throwing
  7648 | D:8      | Reached skill level 5 in Armour
  7648 | D:8      | Reached skill level 5 in Shields
  7648 | D:8      | Reached skill level 5 in Unarmed Combat
  7648 | D:8      | Reached skill level 5 in Evocations
  7709 | D:8      | Reached *** piety under Cheibriados
  8087 | D:8      | Found a hazy altar of Hepliaklqana.
  8306 | D:9      | Reached **** piety under Cheibriados
  8336 | D:9      | Noticed a centaur warrior
  8348 | D:9      | Killed a centaur warrior
  8441 | D:9      | Reached XP level 11. HP: 48/81 MP: 3/22
  8773 | D:9      | Found a burning altar of Makhleb.
  8856 | D:9      | Noticed a +0 hand axe
  8856 | D:9      | Noticed a +0 hand axe
  8858 | D:9      | Found a hide-covered altar of Uskayaw.
  8925 | D:9      | Found a glowing silver altar of Zin.
  8927 | D:9      | Found a shimmering altar of Xom.
  8927 | D:9      | Found a shimmering altar of Xom.
  8929 | D:9      | Found a blossoming altar of Fedhas.
  8929 | D:9      | Found a snail-covered altar of Cheibriados.
  8929 | D:9      | Found a shimmering altar of Xom.
  9115 | D:9      | Found a staircase to the Lair.
  9287 | Lair:1   | Entered Level 1 of the Lair of Beasts
  9350 | Lair:1   | Reached skill level 5 in Conjurations
  9350 | Lair:1   | Reached skill level 5 in Hexes
  9350 | Lair:1   | Reached skill level 5 in Charms
  9350 | Lair:1   | Reached skill level 5 in Summonings
  9350 | Lair:1   | Reached skill level 5 in Translocations
  9350 | Lair:1   | Reached skill level 5 in Transmutations
  9350 | Lair:1   | Reached skill level 5 in Fire Magic
  9350 | Lair:1   | Reached skill level 5 in Ice Magic
  9350 | Lair:1   | Reached skill level 5 in Air Magic
  9350 | Lair:1   | Reached skill level 5 in Earth Magic
  9350 | Lair:1   | Reached skill level 5 in Poison Magic
  9397 | Lair:1   | HP: 4/81 [/a scroll of torment (1)]
  9601 | Lair:1   | Reached ***** piety under Cheibriados
 10751 | Lair:2   | Mangled by a komodo dragon

Skill      XL: |  1  2  3  4  5  6  7  8  9 10 11 |
---------------+----------------------------------+-----
Spellcasting   | 5 6 7 8 |  8.3
Invocations    | 1 2 3 4 5 6 7 |  7.1
Fighting       | 1 2 3 4 5 6 |  6.5
Short Blades   | 1 2 3 4 5 6 |  6.5
Long Blades    | 1 2 3 4 5 6 |  6.5
Axes           | 1 2 3 4 5 6 |  6.5
Maces & Flails | 1 2 3 4 5 6 |  6.5
Polearms       | 1 2 3 4 5 6 |  6.5
Staves         | 1 2 3 4 5 6 |  6.5
Slings         | 1 2 3 4 5 6 |  6.5
Bows           | 1 2 3 4 5 6 |  6.5
Crossbows      | 1 2 3 4 5 6 |  6.5
Throwing       | 1 2 3 4 5 6 |  6.5
Armour         | 1 2 3 4 5 6 |  6.5
Shields        | 1 2 3 4 5 6 |  6.5
Unarmed Combat | 1 2 3 4 5 6 |  6.5
Evocations     | 1 2 3 4 5 6 |  6.5
Conjurations   | 1 2 3 4 5 |  5.4
Hexes          | 1 2 3 4 5 |  5.4
Charms         | 1 2 3 4 5 |  5.4
Summonings     | 1 2 3 4 5 |  5.4
Translocations | 1 2 3 4 5 |  5.4
Transmutations | 1 2 3 4 5 |  5.4
Fire Magic     | 1 2 3 4 5 |  5.4
Ice Magic      | 1 2 3 4 5 |  5.4
Air Magic      | 1 2 3 4 5 |  5.4
Earth Magic    | 1 2 3 4 5 |  5.4
Poison Magic   | 1 2 3 4 5 |  5.4
Dodging        | 5 6 7 8 |  8.0
Stealth        | 5 6 8 9 |  9.2
Necromancy     | 8 9 |  9.0

Action                   |  1- 3 |  4- 6 |  7- 9 | 10-12 || total
-------------------------+-------+-------+-------+-------++-------
Melee: Unarmed           |       |     2 |       |       ||     2
       Dagger            |       |    17 |   158 |   238 ||   413
       Bite              |       |     1 |    30 |    59 ||    90
       Staff             |       |       |    10 |    21 ||    31
       Punch             |       |       |     5 |    14 ||    19
       Quarterstaff      |       |       |       |    19 ||    19
Throw: Tomahawk          |       |       |     6 |    55 ||    61
 Cast: Pain              |    62 |   101 |   123 |   244 ||   530
       Vampiric Draining |     1 |       |       |       ||     1
       Animate Dead      |       |    17 |    10 |    21 ||    48
       Mephitic Cloud    |       |       |    21 |    48 ||    69
       Blink             |       |       |     6 |     4 ||    10
       Regeneration      |       |       |     1 |       ||     1
Invok: Bend Time         |       |       |     1 |    11 ||    12
       Slouch            |       |       |       |     1 ||     1
Evoke: Wand              |       |     2 |       |     2 ||     4
  Use: Scroll            |     1 |     1 |    11 |     6 ||    19
       Potion            |       |       |     3 |     4 ||     7
 Stab: Distracted        |       |     1 |       |     2 ||     3
       Confused          |       |       |     5 |     6 ||    11
       Sleeping          |       |       |     1 |     2 ||     3
  Eat: Chunk             |       |     5 |     6 |     5 ||    16
       Ration            |       |     1 |     2 |     1 ||     4
Armor: Scale mail        |     1 |       |       |       ||     1
       Ring mail         |       |    13 |    64 |   108 ||   185
Dodge: Dodged            |     9 |    28 |   186 |   327 ||   550
